 Dungeon Crawl Stone Soup version 0.26-a0-1184-g95e395e029 (webtiles) character file.

Game seed: 2142446302633396382

1743 wythoutpain the Cleaver (level 8, -4/109 HPs)
             Began as a Minotaur Berserker on Dec 27, 2020.
             Was an Elder of Trog.
             Slain by a killer bee (5 damage)
             ... on level 7 of the Dungeon.
             The game lasted 00:38:19 (5766 turns).

wythoutpain the Cleaver (Minotaur Berserker)        Turns: 5766, Time: 00:38:20

Health: -4/109     AC: 24    Str: 23    XL:     8   Next: 77%
Magic:  7/7        EV:  2    Int:  4    God:    Trog [****..]
Gold:   327        SH:  0    Dex: 11    Spells: 7/7 levels left

rFire    . . .     SeeInvis .   j - +1 battleaxe (vamp)
rCold    + . .     Faith    +   (shield currently unavailable)
rNeg     + + +     Spirit   .   (armour currently unavailable)
rPois    +         Reflect  .   (helmet currently unavailable)
rElec    .         Harm     .   (cloak currently unavailable)
rCorr    .         Rampage  .   (gloves currently unavailable)
Will     ++...     NoTele   +   (boots currently unavailable)
Stlth    ++........             n - amulet of faith
HPRegen  1.28/turn              k - ring of protection from fire
MPRegen  0.10/turn              y - ring of ice

@: lethally poisoned (-4 -> -4), tree-form, regenerating
A: (retaliatory headbutt)
a: Renounce Religion, Berserk, Trog's Hand, Brothers in Arms


You were on level 7 of the Dungeon.
You worshipped Trog.
Trog was greatly pleased with you.
You were a tree.
You visited 1 branch of the dungeon, and saw 7 of its levels.

You collected 327 gold pieces.

Inventory:

Hand Weapons
 j - a +1 vampiric battleaxe (weapon)
 z - a +5 flail
 A - a +1 spectral quarterstaff
 B - a +2 flail of venom
Missiles
 b - 19 boomerangs
 d - 185 stones
 e - 2 javelins
 h - 127 sling bullets
Armour
 g - a +0 leather armour
 m - a +0 ring mail (melded)
 p - a +0 scale mail
Jewellery
 k - a ring of protection from fire (left branch)
 n - an amulet of faith (around neck)
 y - a ring of ice (right branch)
Wands
 D - a wand of enslavement (6)
Scrolls
 a - 2 scrolls of teleportation
 r - 2 scrolls of fog
 u - a scroll of remove curse
 w - 2 scrolls of magic mapping
 C - a scroll of identify
Potions
 c - 3 potions of mutation
 f - a potion of lignification
 i - 3 potions of haste
 l - a potion of ambrosia
 o - a potion of flight
 q - a potion of attraction {unknown}
 s - a potion of curing {unknown}
 t - 2 potions of resistance
 v - a potion of invisibility
 x - a potion of might {unknown}


   Skills:
 + Level 7.2 Fighting
 + Level 10.1 Axes
 + Level 5.2 Armour
 + Level 4.7 Dodging
 + Level 2.2 Stealth


You had 7 spell levels left.
You didn't know any spells.
Your spell library was empty.

Dungeon Overview and Level Annotations

Branches:
Dungeon (7/15)             Temple (0/1) D:6

Altars:
Fedhas

Shops:
D:4 }


Innate Abilities, Weirdness & Mutations

((You reflexively headbutt those who attack you in melee.))
((You have a pair of horns on your head.))


Message History

The killer bee is almost dead.
* * * LOW HITPOINT WARNING * * *
You feel sick.
The killer bee stings you but does no damage. x3
You barely miss the killer bee.
The killer bee is severely wounded.
* * * LOW HITPOINT WARNING * * *
You feel sick. The killer bee barely misses you. The killer bee stings you.
* * * LOW HITPOINT WARNING * * *
You miss the killer bee.
The killer bee is severely wounded.
* * * LOW HITPOINT WARNING * * *
You feel sick.
The killer bee stings you but does no damage.
The killer bee stings you.
* * * LOW HITPOINT WARNING * * *
Your skin crawls.
You feel strong-willed.
You feel sick. The killer bee stings you.
You die...

.. #.. #..
##..##########
...#........#
..........#
#))......###
#.y.........
#.♣......#
#........#
#...<....#
##########


You could see a killer bee.

Vanquished Creatures
  A sky beast (D:6)
  A hornet zombie (D:6)
  2 orc warriors
  An ogre (D:4)
  3 killer bees (D:7)
  8 wights
  A centaur zombie (D:6)
  3 orc priests
  2 hounds
  8 orc wizards
  An iguana (D:5)
  5 worker ants
  4 gnolls (D:4)
  9 adders
  A white imp (D:6)
  An adder zombie (D:3)
  2 oozes
  2 adder skeletons (D:6)
  A worm (D:4)
  3 dart slugs
  6 leopard geckos
  24 orcs
  5 ball pythons
  3 giant cockroaches
  5 goblins
  6 hobgoblins
  6 jackals
  9 kobolds
  7 quokkas
  6 bats
  A frilled lizard (D:4)
  A leopard gecko zombie (D:5)
  6 rats
144 creatures vanquished.

Vanquished Creatures (others)
  A plant (D:1)
1 creature vanquished.

Grand Total: 145 creatures vanquished

Notes
Turn   | Place    | Note
-------+----------+-------------------------------------------
     0 | D:1      | wythoutpain the Minotaur Berserker began the quest for the
                  | Orb.
     0 | D:1      | Reached XP level 1. HP: 19/19 MP: 0/0
   178 | D:1      | Reached XP level 2. HP: 19/27 MP: 1/1
   306 | D:1      | Reached skill level 4 in Axes
   742 | D:2      | Reached XP level 3. HP: 23/33 MP: 2/2
  1052 | D:2      | Reached ** piety under Trog
  1647 | D:2      | Reached XP level 4. HP: 37/41 MP: 3/3
  1656 | D:2      | Reached skill level 5 in Axes
  1656 | D:2      | Reached XP level 5. HP: 21/47 MP: 4/4
  1871 | D:2      | Reached skill level 5 in Fighting
  2273 | D:3      | Reached XP level 6. HP: 56/56 MP: 5/5
  2310 | D:3      | Reached skill level 1 in Stealth
  2321 | D:3      | You fall into a shaft and drop 1 floor!
  2344 | D:4      | Reached skill level 6 in Axes
  2470 | D:3      | Reached *** piety under Trog
  2696 | D:3      | Reached XP level 7. HP: 9/61 MP: 6/6
  2699 | D:3      | Reached skill level 7 in Axes
  3223 | D:4      | Found Weahiedd's Gadget Emporium.
  3275 | D:4      | Reached **** piety under Trog
  3411 | D:4      | Found a blossoming altar of Fedhas.
  3520 | D:5      | Entered Level 5 of the Dungeon
  3758 | D:5      | Reached skill level 8 in Axes
  4403 | D:6      | Reached XP level 8. HP: 14/70 MP: 7/7
  4798 | D:6      | Reached skill level 9 in Axes
  5042 | D:6      | Reached skill level 5 in Armour
  5394 | D:6      | Found a staircase to the Ecumenical Temple.
  5761 | D:7      | Reached skill level 10 in Axes
  5765 | D:7      | HP: 5/109 [poisoned by a killer bee]
  5765 | D:7      | HP: 1/109 [killer bee (4)]
  5766 | D:7      | Slain by a killer bee

Illustrated notes

Levels and vault maps discovered:
D:1:      giann_bridges, layout_basic, bh_walls_and_bars
D:2:      layout_basic
D:3:      layout_rooms
D:4:      layout_rooms, serial_shops, shop, fedhas_altar_3
D:5:      layout_basic
D:6:      layout_basic, minmay_temple_entry_offerings
D:7:      layout_rooms, tgw_trog, ebering_ghost_rock_garden, serial_glass,
          glass_columns_c, glass_columns_a

Skill      XL: |  1  2  3  4  5  6  7  8 |
---------------+-------------------------+-----
Fighting       | 4 5 6 7 |  7.2
Axes           | 4 5 6 8 10 | 10.1
Armour         | 3 4 5 |  5.2
Dodging        | 3 4 |  4.7
Stealth        | 1 2 |  2.2

Action                   |  1- 3 |  4- 6 |  7- 9 || total
-------------------------+-------+-------+-------++-------
Melee: Hand axe          |    75 |    24 |    34 ||   133
       Headbutt          |     9 |    18 |    26 ||    53
       Battleaxe         |       |    78 |   108 ||   186
Invok: Berserk           |       |       |     2 ||     2
       Trog's Hand       |       |       |     1 ||     1
  Use: Scroll            |     4 |     2 |     8 ||    14
       Potion            |       |       |     2 ||     2
 Stab: Sleeping          |     1 |     1 |       ||     2
       Distracted        |       |       |     1 ||     1
Armor: Leather armour    |    22 |    19 |     6 ||    47
       Animal skin       |     1 |       |       ||     1
       Skin              |       |       |    54 ||    54
       Ring mail         |       |       |     6 ||     6
Dodge: Dodged            |    67 |    73 |    85 ||   225

Table legend: (Time is in decaauts)
 A = Elapsed time spent in this place.
 B = Non-inter-level travel time spent in this place.
 C = Inter-level travel time spent in this place.
 D = Time resting spent in this place.
 E = Time spent auto-exploring this place.
 F = Levels seen in this place.
 G = Mean time per level.
                   A        B        C        D        E       F      G
               +--------+--------+--------+--------+--------+-----+--------+
         Total |   5858 |   5593 |    265 |    531 |   4240 |   7 |  836.9 |
       Dungeon |   5858 |   5593 |    265 |    531 |   4240 |   7 |  836.9 |
               +--------+--------+--------+--------+--------+-----+--------+

Top non-repeatable levels by time:
     D:2: 1463 daAuts
     D:6: 1432 daAuts
     D:3: 840 daAuts
     D:1: 727 daAuts
     D:5: 643 daAuts
     D:4: 615 daAuts
     D:7: 136 daAuts
